 Dungeon Crawl Stone Soup version 0.22-a0-553-g9358b0b (webtiles) character file.

745 kae the Insei (level 7, 0/51 (52) HPs)
             Began as a Demonspawn Transmuter on June 25, 2018.
             Was a Follower of Okawaru.
             Killed by nerve-wracking pain
             ... invoked by Grinder
              (12 damage)
             ... on level 5 of the Dungeon.
             The game lasted 00:06:02 (4920 turns).

kae the Insei (Demonspawn Transmuter)               Turns: 4920, Time: 00:06:03

HP:   0/51 (52)     AC:  5    Str: 10    XL:     7   Next: 47%
MP:   0/12          EV: 12    Int: 15    God:    Okawaru [*.....]
Gold: 233           SH:  0    Dex: 15    Spells: 6/12 levels left

rFire    + . .     SeeInvis .     - Unarmed
rCold    . . .     Gourm    .   (no shield)
rNeg     . . .     Faith    .   r - +0 ring mail
rPois    .         Spirit   +   (no helmet)
rElec    .         Reflect  .   (no cloak)
rCorr    .         Harm     .   (no gloves)
MR       .....                  (no boots)
Stlth    ..........             e - amulet of regeneration
HPRegen  0.57/turn              f - ring of loudness (curse)
MPRegen  0.13/turn              k - ring of protection from fire

@: very slightly contaminated
A: hooves 2, repulsion field 1, magic shield
a: Heroism, Renounce Religion


You were on level 5 of the Dungeon.
You worshipped Okawaru.
Okawaru was aware of your devotion.
You were very hungry.

You visited 2 branches of the dungeon, and saw 7 of its levels.

You collected 233 gold pieces.

Inventory:

Missiles
 a - 103 arrows
Armour
 r - a +0 ring mail (worn)
Jewellery
 e - an amulet of regeneration (around neck)
 f - a cursed ring of loudness (left hand)
 j - an uncursed amulet of rage
 k - a ring of protection from fire (right hand)
Wands
 m - a wand of iceblast (7)
 n - a wand of acid (3)
Scrolls
 c - 2 scrolls of teleportation
 p - 2 scrolls of enchant armour
Potions
 g - 3 potions of lignification
 h - a potion of mutation
 i - a potion of heal wounds
 l - a potion of curing {unknown}
 o - a potion of agility
 q - a potion of flight {unknown}
Comestibles
 d - 10 rations


   Skills:
 + Level 3.2 Fighting
 + Level 1.7 Armour
 - Level 1.7 Dodging
 * Level 4.9 Unarmed Combat
 + Level 3.3 Spellcasting
 * Level 4.4 Transmutations
 + Level 2.0 Invocations


You had 6 spell levels left.
You knew the following spells:

 Your Spells              Type           Power        Failure   Level  Hunger
a - Beastly Appendage     Tmut           ###...       8%          1    None
b - Sticks to Snakes      Tmut           ###.....     12%         2    ##.....
c - Spider Form           Tmut/Pois      #.........   52%         3    ###....

Your spell library contained the following spells:

 Spells                   Type           Power        Failure   Level  Hunger
 Blade Hands              Tmut           ###.......   91%         5    ######.
 Ice Form                 Ice/Tmut       #.......     89%         4    ####...


Dungeon Overview and Level Annotations

Branches:
Dungeon (6/15)             Temple (1/1) D:4

Altars:
Cheibriados
Dithmenos
Elyvilon
Fedhas
Gozag
Hepliaklqana
Kikubaaqudgha
Makhleb
Nemelex Xobeh
Okawaru
Qazlal
Ru
Sif Muna
Trog
Uskayaw
Vehumet
Wu Jian
Xom
Yredelemnul
Zin

Annotations:
D:5 Grinder


Innate Abilities, Weirdness & Mutations

You have hoof-like feet.
You are surrounded by a mild repulsion field. (EV +2)
When hurt, damage is shared between your health and your magic reserves.


Message History

Your skin glows momentarily.
Casting: Spider Form (quite dangerous; 52% risk of failure)
Confirm with . or Enter, or press ? or * to list all spells.
You create a snake!
You now have 103 arrows.
Casting: Sticks to Snakes (safe; 12% risk of failure)
Confirm with . or Enter, or press ? or * to list all spells.
You don't have enough magic to cast that spell.
You hit Grinder.
Grinder is severely wounded.
Grinder hits you.
You writhe in agony.
Your ball python barely misses Grinder. x2
You hit Grinder.
Grinder is severely wounded.
Grinder hits you!
You writhe in agony.
* * * LOW HITPOINT WARNING * * *
Your ball python barely misses Grinder. x2
You hit Grinder but do no damage. You kick Grinder.
Grinder is almost dead.
Grinder gestures at you. Pain shoots through your body!
You die...

#(# #.#
#.## ###
#.###.#
#..## ##
#..##)#
##..# #.
##.##.#
##.# #.
#....# #.#
##. ###.(#
#.# #.^
#..# #.#
#.#
###..#####
#.# #.#
#....5@..#
#.#######.#
#.....S..#
#.........#
#........#
#..########
#........#
####
#........#
#........#
#........#
#........#
#........#


You could see Grinder and a friendly ball python.

Vanquished Creatures
  A necrophage (D:4)
  An ogre (D:5)
  A centaur (D:5)
  A howler monkey (D:4)
  A jelly (D:5)
  2 orc priests
  2 orc wizards
  An iguana (D:4)
  A worker ant (D:5)
  A worker ant zombie (D:5)
  2 howler monkey skeletons (D:4)
  13 adders
  2 shadow imps (D:5)
  An ooze (D:2)
  5 worms
  3 dart slugs
  A leopard gecko (D:3)
  7 orcs
  3 giant cockroaches
  6 goblins
  7 hobgoblins
  7 jackals
  6 quokkas
  A ball python (D:1)
  7 bats
  3 frilled lizards
  5 kobolds
  17 rats
108 creatures vanquished.

Vanquished Creatures (collateral kills)
  An adder skeleton (D:5)
  A hobgoblin (D:2)
  A jackal zombie (D:2)
3 creatures vanquished.

Grand Total: 111 creatures vanquished

Notes
Turn   | Place    | Note
-------+----------+-------------------------------------------
     0 | D:1      | kae the Demonspawn Transmuter began the quest for the Orb.
     0 | D:1      | Reached XP level 1. HP: 15/15 MP: 3/3
   292 | D:1      | Gained mutation: You are surrounded by a mild repulsion field. (EV +2) [demonic ancestry]
   292 | D:1      | Reached XP level 2. HP: 17/21 MP: 3/5
   690 | D:1      | Learned a level 2 spell: Sticks to Snakes
  1071 | D:2      | Lost mutation: You have claws for feet. [demonic ancestry]
  1071 | D:2      | Lost mutation: You have razor-sharp toenails. [demonic ancestry]
  1071 | D:2      | Lost mutation: You have sharp toenails. [demonic ancestry]
  1071 | D:2      | Gained mutation: You have large cloven feet. [demonic ancestry]
  1071 | D:2      | Reached XP level 3. HP: 26/26 MP: 4/6
  1076 | D:2      | Learned a level 3 spell: Spider Form
  1351 | D:2      | Reached XP level 4. HP: 33/33 MP: 7/7
  1793 | D:2      | Found a burning altar of Makhleb.
  1793 | D:2      | Found a shimmering altar of Xom.
  2265 | D:3      | Reached XP level 5. HP: 36/38 MP: 8/8
  2714 | D:4      | Found a basalt altar of Yredelemnul.
  2755 | D:4      | Found a shadowy altar of Dithmenos.
  2821 | D:4      | Gained mutation: When hurt, damage is shared between your health and your magic reserves. [demonic ancestry]
  2821 | D:4      | Reached XP level 6. HP: 29/46 MP: 10/10
  3296 | D:4      | Found a staircase to the Ecumenical Temple.
  3348 | D:4      | Found a sacrificial altar of Ru.
  3351 | D:4      | Found an opulent altar of Gozag.
  3354 | D:4      | Found a snail-covered altar of Cheibriados.
  3413 | Temple   | Entered the Ecumenical Temple
  3471 | Temple   | Became a worshipper of Warmaster Okawaru
  3768 | D:5      | Entered Level 5 of the Dungeon
  3956 | D:4      | Reached skill level 1 in Armour
  4013 | D:5      | Reached skill level 1 in Invocations
  4024 | D:5      | Gained mutation: You have hoof-like feet. [demonic ancestry]
  4024 | D:5      | Reached XP level 7. HP: 27/51 MP: 6/11
  4234 | D:5      | Reached * piety under Okawaru
  4628 | D:6      | Noticed Grinder
  4631 | D:6      | Paralysed by Grinder for 2 turns
  4898 | D:6      | Paralysed by Grinder for 7 turns
  4912 | D:5      | Paralysed by Grinder for 2 turns
  4920 | D:5      | Killed from afar by Grinder

Vault maps used:
D:1:      erik_arrival_cave_to_civilisation
D:2:      amethyst_overflow_temple_binary, first_ration, minmay_misc_feat_x
D:4:      grunt_dithmenos_smoke, grunt_temple_overflow_diamond,
          lemuel_temple_firewalk_a, yredelemnul_altar_generic
D:6:      lemuel_insect_pit, basic_altar, serial_shops, shop, uniq_duvessa,
          uniq_grinder, uniq_menkaure
Temple:   cyrus_circular_temple

Skill      XL: |  1  2  3  4  5  6  7 |
---------------+----------------------+-----
Transmutations | 2 3 4 |  4.4
Unarmed Combat | 3 4 |  4.9
Fighting       | 2 3 |  3.2
Spellcasting   | 3 |  3.3
Armour         | 1 |  1.7
Invocations    | 1 2 |  2.0
Dodging        | |  1.7

Action                   |  1- 3 |  4- 6 |  7- 9 || total
-------------------------+-------+-------+-------++-------
Melee: Unarmed           |   147 |   246 |    64 ||   457
       Kick              |    14 |    59 |    21 ||    94
       Punch             |     2 |     3 |     1 ||     6
       Headbutt          |     6 |     7 |       ||    13
 Cast: Beastly Appendage |    20 |     6 |       ||    26
       Sticks to Snakes  |     2 |     2 |     9 ||    13
  Use: Scroll            |     1 |     8 |     3 ||    12
       Potion            |       |     2 |       ||     2
 Stab: Sleeping          |     1 |     1 |       ||     2
       Distracted        |       |       |     1 ||     1
  Eat: Chunk             |     2 |     6 |     2 ||    10
       Ration            |       |     1 |       ||     1
Armor: Robe              |    24 |    11 |       ||    35
       Chain mail        |       |    71 |       ||    71
       Skin              |       |     3 |       ||     3
       Ring mail         |       |     9 |    22 ||    31
Dodge: Dodged            |   121 |   141 |    41 ||   303

Table legend:
 A = Spawn XP
 B = Non-spawn XP
 C = Spawn XP percentage of total XP
 D = Spawn monster count
 E = Non-spawn monster count
 F = Spawn count percentage of total count
 G = Total turns spent on level
                    A         B        C        D         E        F      G
               +---------+---------+-------+---------+---------+-------+---------
         Total |       0 |    1065 |   0.0 |       0 |     111 |   0.0 |  4920
               +---------+---------+-------+---------+---------+-------+---------
           D:1 |       0 |      40 |   0.0 |       0 |      26 |   0.0 |  1064
           D:2 |       0 |     115 |   0.0 |       0 |      29 |   0.0 |  1016
           D:3 |       0 |     144 |   0.0 |       0 |      24 |   0.0 |   595
           D:4 |       0 |     307 |   0.0 |       0 |      16 |   0.0 |  1212
           D:5 |       0 |     457 |   0.0 |       0 |      15 |   0.0 |   908
           D:6 |       0 |       2 |   0.0 |       0 |       1 |   0.0 |    55
               +---------+---------+-------+---------+---------+-------+---------
